 Dungeon Crawl Stone Soup version 0.22.1-1-ga44c0e5 (webtiles) character file.

684 tifemel the Cutter (level 7, -4/60 HPs)
             Began as a Centaur Hunter on Sept 28, 2018.
             Killed by nerve-wracking pain
             ... invoked by an orc priest
              (6 damage)
             ... on level 5 of the Dungeon.
             The game lasted 00:24:34 (6442 turns).

tifemel the Cutter (Centaur Hunter)                 Turns: 6442, Time: 00:24:35

Health: -4/60      AC:  4    Str: 17    XL:     7   Next: 35%
Magic:  7/7        EV:  9    Int: 10    God:
Gold:   178        SH:  0    Dex:  9    Spells: 6/6 levels left

rFire    . . .     SeeInvis .   r - +0 rapier
rCold    + . .     Gourm    .   (no shield)
rNeg     . . .     Faith    .   e - +0 leather armour {rC+}
rPois    .         Spirit   .   (no helmet)
rElec    .         Reflect  .   (no cloak)
rCorr    .         Harm     .   (no gloves)
MR       .....                  (no barding)
Stlth    +.........             (no amulet)
HPRegen  0.20/turn              (no ring)
MPRegen  0.10/turn              (no ring)

@: very quick
A: large, hooves 3, deformed body, speed 2, tough skin 3
a: no special abilities


You were on level 5 of the Dungeon.
You were not hungry.

You visited 1 branch of the dungeon, and saw 5 of its levels.

You collected 178 gold pieces.

Inventory:

Hand Weapons
 a - a +1 shortbow
 r - a +0 rapier (weapon)
 u - a +2 rapier of holy wrath
 v - a +2 short sword of venom
Missiles
 d - 58 arrows
Armour
 c - a +0 leather armour
 e - a +0 leather armour of cold resistance (worn)
Jewellery
 b - a cursed ring of attention {unknown}
Scrolls
 g - 6 scrolls of remove curse
 j - 2 scrolls of teleportation
 k - a scroll of noise {unknown}
 l - 2 scrolls of identify {unknown}
 n - a scroll of enchant weapon {unknown}
 o - a scroll of amnesia {unknown}
 p - a scroll of blinking {unknown}
 q - a scroll of fear {unknown}
 t - a scroll of magic mapping {unknown}
Potions
 h - 2 potions of cancellation {unknown}
 i - a potion of ambrosia {unknown}
 m - 2 potions of mutation {unknown}
 s - a potion of haste {unknown}
 w - 2 potions of magic {unknown}
 x - a potion of agility {unknown}
Comestibles
 f - 9 rations


   Skills:
 + Level 4.7 Fighting
 * Level 5.9 Short Blades
 - Level 5.3 Bows
 - Level 0.7 Armour
 - Level 1.3 Dodging
 - Level 0.4 Stealth


You had 6 spell levels left.
You didn't know any spells.
Your spell library was empty.

Dungeon Overview and Level Annotations

Branches:
Dungeon (5/15)
 Temple: D:4-7

Altars:
Dithmenos
Okawaru
Vehumet

Shops:
D:4 ?


Innate Abilities, Weirdness & Mutations

You have hooves in place of feet.
Armour fits poorly on your strangely shaped body.
You cover ground very quickly.
You have extremely tough skin. (AC +3)


Message History

* * * LOW HITPOINT WARNING * * *
Something hits you.
* * * LOW HITPOINT WARNING * * *
You puncture something! The orc priest hits you with a club.
* * * LOW HITPOINT WARNING * * *
You bump into the rock wall.
The orc hits you but does no damage.
You hear some strange, mumbled words.
Something tries to affect you, but you resist.
The orc priest barely misses you.
You bump into the rock wall.
You feel less confused.
You hear some strange, mumbled words.
A puff of flame appears from out of thin air!
The puff of flame hits you!
* * * LOW HITPOINT WARNING * * *
The orc hits you with a club.
* * * LOW HITPOINT WARNING * * *
The orc priest invokes the aid of Beogh against you.
Pain shoots through your body!
You die...

###'###.#.##......#
#.......##......#
####..####......# #.##
#..[...####
#.#####.........#
#........######.#
#..#####.# ###.##
#.{#####.####.....
#@o...##.##...###.
##o......#....# .
#.......#..#.###.
##.##.#.##........
#.{()..............#.
#.(.#####.##.#.......#
.. #.##.#...##### #
#....#...# #.#
#.####...#


You could see an orc priest and an orc.

Vanquished Creatures
  Eustachio (D:4)
  Edmund (D:3)
  A scorpion (D:4)
  A hound (D:4)
  3 orc priests
  2 worker ants (D:4)
  11 adders
  3 oozes
  An adder skeleton (D:5)
  2 worms
  5 leopard geckos
  6 orcs
  A ball python (D:4)
  4 bats
  7 giant cockroaches
  8 goblins
  7 hobgoblins
  5 jackals
  4 quokkas
  5 frilled lizards
  10 kobolds
  8 rats
96 creatures vanquished.

Vanquished Creatures (others)
  A leopard gecko (D:3)
  A jackal (D:3)
2 creatures vanquished.

Grand Total: 98 creatures vanquished

Notes
Turn   | Place    | Note
-------+----------+-------------------------------------------
     0 | D:1      | tifemel the Centaur Hunter began the quest for the Orb.
     0 | D:1      | Reached XP level 1. HP: 17/17 MP: 1/1
   142 | D:1      | Reached skill level 1 in Short Blades
   142 | D:1      | Reached XP level 2. HP: 24/24 MP: 2/2
   635 | D:1      | Reached XP level 3. HP: 23/30 MP: 3/3
  2381 | D:2      | Reached XP level 4. HP: 20/37 MP: 4/4
  3112 | D:3      | Found a radiant altar of Vehumet.
  3300 | D:3      | Reached XP level 5. HP: 45/45 MP: 5/5
  3593 | D:3      | Found a faded altar of an unknown god.
  4302 | D:4      | Found Rol Qonk's Magic Scroll Emporium.
  4311 | D:4      | Noticed Eustachio
  4406 | D:4      | Noticed Edmund
  4550 | D:4      | Reached XP level 6. HP: 36/51 MP: 6/6
  4824 | D:3      | Killed Edmund
  4824 | D:3      | Reached skill level 5 in Short Blades
  5870 | D:4      | Killed Eustachio
  5870 | D:4      | Reached XP level 7. HP: 54/60 MP: 7/7
  6318 | D:5      | Entered Level 5 of the Dungeon
  6390 | D:5      | Found a shadowy altar of Dithmenos.
  6391 | D:5      | Found an iron altar of Okawaru.
  6442 | D:5      | HP: 2/60 [orc/club (2)]
  6442 | D:5      | Killed from afar by an orc priest

Skill      XL: |  1  2  3  4  5  6 |
---------------+-------------------+-----
Short Blades   | 1 2 3 4 5 |  5.9
Fighting       | 3 4 |  4.7
Bows           | |  5.3
Armour         | |  0.7
Dodging        | |  1.3
Stealth        | |  0.4

Action                   |  1- 3 |  4- 6 |  7- 9 || total
-------------------------+-------+-------+-------++-------
Melee: Short sword       |   116 |    81 |       ||   197
       Kick              |    16 |    25 |     6 ||    47
       Rapier            |       |   107 |    21 ||   128
 Fire: Shortbow          |    23 |    95 |    12 ||   130
  Use: Scroll            |       |       |     2 ||     2
  Eat: Chunk             |     3 |     8 |       ||    11
       Ration            |       |       |     1 ||     1
Armor: Leather armour    |    46 |    60 |     4 ||   110
Dodge: Dodged            |    60 |   106 |     6 ||   172
